 Dungeon Crawl Stone Soup version 0.28-a0-1387-g3a22ab9bdc (webtiles) character file.

Game seed: 10067419735517001282

315 wilfster70 the Caller (level 6, -8/45 HPs)
             Began as a Gnoll Summoner on Jan 2, 2022.
             Was an Initiate of Ashenzari.
             Mangled by a wyvern zombie (9 damage)
             ... on level 4 of the Dungeon.
             The game lasted 00:12:25 (4196 turns).

wilfster70 the Caller (Gnoll Summoner)              Turns: 4196, Time: 00:12:26

Health: -8/45      AC:  3    Str:  7    XL:     6   Next: 44%
Magic:  14/14      EV: 14    Int: 17    God:    Ashenzari [......]
Gold:   127        SH:  0    Dex: 15    Spells: 6/16 levels left

rFire   . . .      SeeInvis .   a - +5 mace "Ufuikh" {vorpal, Dex+3}
rCold   . . .      Faith    .   m - orb {light}
rNeg    . . .      Spirit   .   d - +0 robe
rPois   .          Reflect  .   (no helmet)
rElec   .          Harm     .   p - scarf "Oracle of Ashenzari" {repulsion, Self, Comp} (curse)
rCorr   .          Rampage  .   g - +0 pair of gloves
Will    .....                   (no boots)
Stlth   +.........              (no amulet)
HPRegen 0.15/turn               (no ring)
MPRegen 0.14/turn               (no ring)

@: confused, ambrosia-drunk, glowing, repel missiles
A: fangs 1, strong nose, distributed training
a: Renounce Religion, Shatter the Chains


You were on level 4 of the Dungeon.
You worshipped Ashenzari.
Ashenzari was noncommittal.
You visited 1 branch of the dungeon, and saw 4 of its levels.

You collected 127 gold pieces.

Inventory:

Hand Weapons
 a - the +5 mace "Ufuikh" (weapon) {vorpal, Dex+3}
   (You found it on level 2 of the Dungeon)

   It inflicts extra damage upon your enemies.
   Dex:       It affects your dexterity (+3).
 b - a +0 hunting sling
Missiles
 e - 92 stones
 f - 13 sling bullets
 h - 3 boomerangs
 l - 38 poisoned darts
Armour
 d - a +0 robe (worn)
 g - a +0 pair of gloves (worn)
 m - an orb of light (worn)
 p - the cursed scarf "Oracle of Ashenzari" (worn) {repulsion, Self, Comp}
   (You found it on level 4 of the Dungeon)

   It has a curse which improves the following skills: Introspection: Fighting
   and Spellcasting.
   Companions: Summonings and Necromancy.
Jewellery
 i - a +6 ring of intelligence
Scrolls
 j - a scroll of silence
 k - 2 scrolls of teleportation
Potions
 c - a potion of attraction {unknown}
 o - a potion of curing {unknown}


   Skills:
 + Level 2.0(2.3) Fighting
 + Level 2.0 Short Blades
 + Level 2.0 Long Blades
 + Level 2.0 Axes
 + Level 2.0 Maces & Flails
 + Level 2.0 Polearms
 + Level 2.0 Staves
 + Level 2.0 Slings
 + Level 2.0 Bows
 + Level 2.0 Crossbows
 + Level 2.0 Throwing
 + Level 2.0 Armour
 + Level 5.0 Dodging
 + Level 4.6 Stealth
 + Level 2.0 Shields
 + Level 2.0 Unarmed Combat
 + Level 5.3(5.9) Spellcasting
 + Level 1.5 Conjurations
 + Level 1.5 Hexes
 + Level 7.3(7.8) Summonings
 + Level 1.5(1.9) Necromancy
 + Level 1.5 Translocations
 + Level 1.5 Transmutations
 + Level 1.5 Fire Magic
 + Level 1.5 Ice Magic
 + Level 1.5 Air Magic
 + Level 1.5 Earth Magic
 + Level 1.5 Poison Magic
 + Level 2.1 Invocations
 + Level 2.0 Evocations


You had 6 spell levels left.
You knew the following spells:

 Your Spells              Type           Power      Damage    Failure   Level
a - Summon Small Mammal   Summ           100%       N/A       1%          1
b - Call Imp              Summ           31%        N/A       1%          2
c - Summon Guardian Gole  Hex/Summ       20%        N/A       5%          3
d - Summon Lightning Spi  Summ/Air       20%        N/A       19%         4

Your spell library contained the following spells:

 Spells                   Type           Power      Damage    Failure   Level
 Call Canine Familiar     Summ           31%        N/A       1%          3
 Inner Flame              Hex/Fire       10%        N/A       21%         3
 Cause Fear               Hex            5%         N/A       56%         4
 Discord                  Hex            5%         N/A       100%        8


Dungeon Overview and Level Annotations

Branches:
Dungeon (4/15)
 Temple: D:4-7

Altars:
Ashenzari
Dithmenos
Elyvilon
Fedhas
Okawaru
Trog
Yredelemnul


Innate Abilities, Weirdness & Mutations

You have very sharp teeth.
Your uncanny sense of smell can sniff out nearby items.
Your experience applies equally to all skills.


Message History

Confirm with . or Enter, or press ? or * to list all spells.
A beastly little devil appears in a puff of flame.
The bullfrog hits you but does no damage.
The wyvern zombie bites you! The bullfrog hits you.
* * * LOW HITPOINT WARNING * * *
The wyvern zombie closely misses you.
The bullfrog hits you but does no damage.
The wyvern zombie completely misses you.
The bullfrog hits you.
* * * LOW HITPOINT WARNING * * *
The wyvern zombie misses your crimson imp.
Your crimson imp hits the wyvern zombie.
You are confused.
You feel invigorated. The bullfrog hits you.
* * * LOW HITPOINT WARNING * * *
The wyvern zombie closely misses your crimson imp.
Your crimson imp hits the wyvern zombie but does no damage.
Are you sure you want to stumble around while confused and next to your crimson imp?
Okay, then.
The bullfrog hits you.
* * * LOW HITPOINT WARNING * * *
The wyvern zombie closely misses your crimson imp.
The bullfrog barely misses you.
Your crimson imp hits the wyvern zombie.
The wyvern zombie bites your crimson imp!
The bullfrog hits you.
* * * LOW HITPOINT WARNING * * *
The wyvern zombie bites your crimson imp!
Your crimson imp dies!
Your crimson imp disappears in a puff of smoke!
The bullfrog completely misses you. The bullfrog misses you.
You hit the bullfrog.
The bullfrog is almost dead.
The bullfrog hits you.
* * * LOW HITPOINT WARNING * * *
The wyvern zombie bites you!
* * * LOW HITPOINT WARNING * * *
The bullfrog hits you but does no damage.
The wyvern zombie bites you!
You die...

∆ ∆ #.
#!.#+##+###########
#...............#
#...F@...####...#
#...Z....#.)#.).#####
#........#..'........
....########..#.##.....
.....#..#...####..+.....
.... #..'......#..# ....
... #..#......#..######
... #..##....##...[....
#..##....##........


You could see a bullfrog and a wyvern zombie.

Vanquished Creatures
  The ghost of p0werm0de the Skirmisher, an amateur MiCK of Xom (D:3)
  Robin (D:3)
  A gnoll (D:4)
  A worm (D:3)
  2 dart slugs (D:2)
  2 orcs
  2 bats (D:3)
  4 endoplasms
  4 goblins
  4 hobgoblins
  2 jackals (D:3)
  3 kobolds
  A quokka (D:2)
  2 ball pythons
  6 rats
36 creatures vanquished.

Vanquished Creatures (collateral kills)
  The ghost of ThreePoint314 the Ruffian, a weakling DrTm (D:3)
  A worm (D:2)
  2 bats (D:2)
  An endoplasm (D:1)
  2 giant cockroaches (D:2)
  10 goblins
  4 hobgoblins
  A ball python (D:1)
  A kobold (D:1)
  2 rats (D:2)
25 creatures vanquished.

Vanquished Creatures (others)
  The ghost of triviadave the Chopper, an amateur MiBe of Trog (D:3)
  A withered plant (D:3)
2 creatures vanquished.

Grand Total: 63 creatures vanquished

Notes
Turn   | Place    | Note
-------+----------+-------------------------------------------
     0 | D:1      | wilfster70 the Gnoll Summoner began the quest for the Orb.
     0 | D:1      | Reached XP level 1. HP: 13/13 MP: 6/6
   362 | D:1      | Upgraded the game from 0.28-a0-1382-g92835e5c71 to
                  | 0.28-a0-1387-g3a22ab9bdc
   456 | D:1      | Found a faded altar of an unknown god.
   915 | D:1      | Reached XP level 2. HP: 19/19 MP: 5/7
   918 | D:1      | Learned a level 2 spell: Call Imp
  1603 | D:2      | Reached XP level 3. HP: 24/25 MP: 5/9
  1604 | D:2      | Reached skill level 5 in Spellcasting
  2241 | D:3      | Noticed Robin
  2249 | D:3      | Reached skill level 1 in Invocations
  2538 | D:2      | Reached skill level 1 in Fighting
  2538 | D:2      | Reached skill level 1 in Short Blades
  2538 | D:2      | Reached skill level 1 in Long Blades
  2538 | D:2      | Reached skill level 1 in Axes
  2538 | D:2      | Reached skill level 1 in Maces & Flails
  2538 | D:2      | Reached skill level 1 in Polearms
  2538 | D:2      | Reached skill level 1 in Staves
  2538 | D:2      | Reached skill level 1 in Slings
  2538 | D:2      | Reached skill level 1 in Bows
  2538 | D:2      | Reached skill level 1 in Crossbows
  2538 | D:2      | Reached skill level 1 in Throwing
  2538 | D:2      | Reached skill level 1 in Armour
  2538 | D:2      | Reached skill level 1 in Shields
  2538 | D:2      | Reached skill level 1 in Unarmed Combat
  2538 | D:2      | Reached skill level 1 in Evocations
  2560 | D:2      | Identified the +5 mace "Ufuikh" {vorpal, Dex+3}
  2952 | D:3      | Found a blossoming altar of Fedhas.
  2952 | D:3      | Found a basalt altar of Yredelemnul.
  2954 | D:3      | Reached XP level 4. HP: 32/32 MP: 11/11
  2963 | D:3      | Found an iron altar of Okawaru.
  2966 | D:3      | Found a broken altar of Ashenzari.
  2967 | D:3      | Found a white marble altar of Elyvilon.
  2973 | D:3      | Found a shadowy altar of Dithmenos.
  2974 | D:3      | Became a worshipper of Ashenzari the Shackled
  2978 | D:3      | Found a bloodstained altar of Trog.
  3055 | D:3      | Found a runed translucent gate.
  3056 | D:3      | Found a runed translucent gate.
  3245 | D:3      | Killed Robin
  3511 | D:3      | Found a runed translucent gate.
  3516 | D:3      | Noticed p0werm0de's ghost (amateur MiCK)
  3516 | D:3      | Noticed triviadave's ghost (amateur MiBe)
  3516 | D:3      | Noticed ThreePoint314's ghost (weakling DrTm)
  3528 | D:3      | Learned a level 3 spell: Summon Guardian Golem
  3539 | D:3      | Killed triviadave's ghost
  3540 | D:3      | Reached skill level 1 in Conjurations
  3540 | D:3      | Reached skill level 1 in Hexes
  3540 | D:3      | Reached skill level 1 in Necromancy
  3540 | D:3      | Reached skill level 1 in Translocations
  3540 | D:3      | Reached skill level 1 in Transmutations
  3540 | D:3      | Reached skill level 1 in Fire Magic
  3540 | D:3      | Reached skill level 1 in Ice Magic
  3540 | D:3      | Reached skill level 1 in Air Magic
  3540 | D:3      | Reached skill level 1 in Earth Magic
  3540 | D:3      | Reached skill level 1 in Poison Magic
  3540 | D:3      | Reached XP level 5. HP: 15/37 MP: 8/12
  3542 | D:3      | Killed p0werm0de's ghost
  3543 | D:3      | Reached XP level 6. HP: 10/44 MP: 9/14
  3568 | D:3      | Killed ThreePoint314's ghost
  3569 | D:3      | Reached skill level 5 in Dodging
  3875 | D:3      | Learned a level 4 spell: Summon Lightning Spire
  4196 | D:4      | HP: 1/45 [wyvern zombie (12)]
  4196 | D:4      | Mangled by a wyvern zombie

Illustrated notes

Levels and vault maps discovered:
D:1:      dpeg_arrival_more_subterranean_lakeside_camping, layout_basic,
          ebering_ecumenical_altar_hall
D:2:      minmay_diamond_boxcup, layout_basic
D:3:      layout_loops_cross, nicolae_overflow_hallway_of_the_gods,
          gammafunk_ghost_cemetery, serial_glass, glass_columns_c,
          glass_columns_a, uniq_robin
D:4:      layout_gridville, minmay_misc_feat_pillars, sigmund_army

Skill      XL: |  1  2  3  4  5  6 |
---------------+-------------------+-----
Spellcasting   | 5 |  5.3
Invocations    | 1 2 |  2.1
Fighting       | 1 2 |  2.0
Short Blades   | 1 2 |  2.0
Long Blades    | 1 2 |  2.0
Axes           | 1 2 |  2.0
Maces & Flails | 1 2 |  2.0
Polearms       | 1 2 |  2.0
Staves         | 1 2 |  2.0
Slings         | 1 2 |  2.0
Bows           | 1 2 |  2.0
Crossbows      | 1 2 |  2.0
Throwing       | 1 2 |  2.0
Armour         | 1 2 |  2.0
Shields        | 1 2 |  2.0
Unarmed Combat | 1 2 |  2.0
Evocations     | 1 2 |  2.0
Conjurations   | 1 |  1.5
Hexes          | 1 |  1.5
Necromancy     | 1 |  1.5
Translocations | 1 |  1.5
Transmutations | 1 |  1.5
Fire Magic     | 1 |  1.5
Ice Magic      | 1 |  1.5
Air Magic      | 1 |  1.5
Earth Magic    | 1 |  1.5
Poison Magic   | 1 |  1.5
Dodging        | 5 |  5.0
Stealth        | |  4.6
Summonings     | |  7.3

Action                   |  1- 3 |  4- 6 || total
-------------------------+-------+-------++-------
Melee: Unarmed           |     8 |       ||     8
       Bite              |     2 |     3 ||     5
       Mace              |     9 |    45 ||    54
 Fire: Hunting sling     |    52 |       ||    52
Throw: Boomerang         |     1 |       ||     1
 Cast: Summon Small Mamm |    15 |       ||    15
       Call Imp          |     8 |     3 ||    11
       Summon Guardian G |       |     3 ||     3
Invok: Curse Item        |       |     1 ||     1
  Use: Scroll            |     4 |     1 ||     5
       Potion            |       |     1 ||     1
Armor: Robe              |    22 |    13 ||    35
Dodge: Dodged            |    49 |    47 ||    96

Table legend: (Time is in decaauts)
 A = Elapsed time spent in this place.
 B = Non-inter-level travel time spent in this place.
 C = Inter-level travel time spent in this place.
 D = Time resting spent in this place.
 E = Time spent auto-exploring this place.
 F = Levels seen in this place.
 G = Mean time per level.
                   A        B        C        D        E       F      G
               +--------+--------+--------+--------+--------+-----+--------+
         Total |   4225 |   3993 |    232 |    478 |   2393 |   4 | 1056.2 |
       Dungeon |   4225 |   3993 |    232 |    478 |   2393 |   4 | 1056.2 |
               +--------+--------+--------+--------+--------+-----+--------+

Top non-repeatable levels by time:
     D:3: 1494 daAuts
     D:1: 1340 daAuts
     D:2: 1242 daAuts
     D:4: 148 daAuts
